 Dungeon Crawl Stone Soup version 0.21-a0-401-g0b6bec4 (webtiles) character file.

4 Hasart the Digger (level 1, 0/14 HPs)
             Began as a Demigod Earth Elementalist on Oct 25, 2017.
             Slain by a rat (3 damage)
             ... on level 1 of the Dungeon.
             The game lasted 00:00:41 (315 turns).

Hasart the Digger (Demigod Earth Elementalist)       Turns: 315, Time: 00:00:42

Health: 0/14       AC:  2    Str: 11    XL:     1   Next: 40%
Magic:  5/5        EV: 12    Int: 19    God:
Gold:   34         SH:  0    Dex: 16    Spells: 2/3 levels left

rFire    . . .     SeeInvis .   h - +0 club
rCold    . . .     Gourm    .   (no shield)
rNeg     . . .     Faith    .   c - +0 robe
rPois    .         Spirit   .   (no helmet)
rElec    .         Reflect  .   (no cloak)
rCorr    .         Harm     .   (no gloves)
MR       .....                  (no boots)
Stlth    ++........             (no amulet)
HPRegen  0.04/turn              (no ring)
MPRegen  0.09/turn              (no ring)

@: no status effects
A: high mp 1
a: no special abilities


You were on level 1 of the Dungeon.
You were not hungry.

You visited 1 branch of the dungeon, and saw 1 of its levels.

You collected 34 gold pieces.

Inventory:

Hand Weapons
 h - a +0 club (weapon)
Missiles
 b - 24 stones (quivered)
Armour
 c - a +0 robe (worn)
Jewellery
 g - an uncursed ring of ice
Potions
 a - a potion of flight {unknown}
 f - a potion of curing {unknown}
Books
 e - a book of Geomancy

   Spells                             Type                      Level
   a - Sandblast                      Earth                        1
   b - Passwall                       Transmutation/Earth          2
   c - Stone Arrow                    Conjuration/Earth            3
   d - Petrify                        Transmutation/Earth          4
   e - Lee's Rapid Deconstruction     Earth                        5
Comestibles
 d - a bread ration
 i - 4 chunks of flesh


   Skills:
 - Level 1.7 Dodging
 - Level 1.7 Stealth
 + Level 1.9 Spellcasting
   Level 0.8 Transmutations
 * Level 2.9 Earth Magic


You had 2 spell levels left.
You knew the following spells:

 Your Spells              Type           Power        Failure   Level  Hunger
a - Sandblast             Erth           ##....       5%          1    #......


Dungeon Overview and Level Annotations

Branches:
Dungeon (1/15)


Innate Abilities, Weirdness & Mutations

You have an increased reservoir of magic. (+10% MP)


Message History

A kobold comes into view. It is wielding a short sword.
The kobold shouts!
A kobold is nearby!
A rat comes into view.
The kobold closely misses you.
You barely miss the kobold. The rat barely misses you.
The kobold hits you with a short sword. The rat barely misses you.
You closely miss the kobold. The kobold hits you with a short sword.
The rat bites you. The kobold hits you but does no damage.
A goblin comes into view. It is wielding a dagger.
You hit the kobold but do no damage. The rat barely misses you.
The kobold closely misses you.
You completely miss the kobold. The rat barely misses you.
The kobold hits you with a short sword. The rat bites you. The rat bites you.
* * * LOW HITPOINT WARNING * * *
The rat misses you.
You closely miss the rat. The rat bites you.
You die...

.# .## # .. .# .# ..
....#.#.### #####.##.# .....
....... .......
........#.#.########.#.##.##.
...#..#.#.#.#...@rK..........
#......#.#.#.#####g######...
#...#.#............# ##
#........#.#####..#
≈###..........# #..#
≈≈###...####.######..#
≈≈####.)# #.........#
.≈#§§#..# #.#...###.#
<§#≈.'§.# #.#...# .#


You could see a goblin, a kobold and a rat.

Vanquished Creatures
  A bat (D:1)
  2 goblins (D:1)
  2 rats (D:1)
5 creatures vanquished.

Notes
Turn   | Place    | Note
-------+----------+-------------------------------------------
     0 | D:1      | Hasart the Demigod Earth Elementalist began the quest for the Orb.
     0 | D:1      | Reached XP level 1. HP: 14/14 MP: 5/5
   315 | D:1      | Slain by a rat

Vault maps used:
D:1:      denvon_arrival_hothouse

Action                   || total
-------------------------++-------
Melee: Club              ||    12
       Unarmed           ||     5
 Cast: Sandblast         ||     6
Armor: Robe              ||     8
Dodge: Dodged            ||    21

Table legend:
 A = Spawn XP
 B = Non-spawn XP
 C = Spawn XP percentage of total XP
 D = Spawn monster count
 E = Non-spawn monster count
 F = Spawn count percentage of total count
 G = Total turns spent on level
                    A         B        C        D         E        F      G
               +---------+---------+-------+---------+---------+-------+---------
         Total |       0 |       6 |   0.0 |       0 |       5 |   0.0 |   315
               +---------+---------+-------+---------+---------+-------+---------
           D:1 |       0 |       6 |   0.0 |       0 |       5 |   0.0 |   315
               +---------+---------+-------+---------+---------+-------+---------
